 Dungeon Crawl Stone Soup version 0.30-a0-782-ge64f9170bb (webtiles) character file.

Game seed: 6617665792656422022

65079 HoaS the Marksgargoyle (level 15, 0/97 HPs)
             Began as a Gargoyle Hunter on Mar 8, 2023.
             Was the Champion of Zin.
             Slain by a five-headed hydra (7 damage)
             ... on level 12 of the Dungeon.
             The game lasted 00:51:34 (19529 turns).

HoaS the Marksgargoyle (Gargoyle Hunter)           Turns: 19529, Time: 00:51:34

Health: 0/97       AC: 33    Str: 16    XL:     15   Next: 15%
Magic:  22/22      EV: 16    Int: 12    God:    Zin [******]
Gold:   1361       SH:  0    Dex: 19    Spells: 14/14 levels left

rFire   . . .      SeeInvis .    A - +1 arbalest
rCold   . . .      Faith    .    (shield currently unavailable)
rNeg    + + +      Spirit   .    D - +3 ring mail
rPois   ∞          Reflect  .    E - +0 helmet
rElec   +          Harm     .    f - scarf {repulsion}
rCorr   +          Rampage  .    k - +1 pair of gloves
Will    +++++                    i - +3 pair of boots "Erytel" {rN++ Will++}
Stlth   +                        h - amulet of regeneration
HPRegen 1.16/turn                B - ring of willpower
MPRegen 0.18/turn                F - ring "Boiz" {rPois Will+ rCorr AC+4 Int+2}

@: flying, repel missiles
A: sickness immunity, AC +11, big wings, negative energy resistance 1,
electricity resistance, torment resistance 1, petrification resistance
a: Renounce Religion, Recite, Vitalisation, Imprison, Sanctuary, Donate Gold


You were on level 12 of the Dungeon.
You worshipped Zin.
Zin was exalted by your worship.
You visited 4 branches of the dungeon, and saw 21 of its levels.
You also visited: Ossuary and Ice Cave.

You collected 2398 gold pieces.
You spent 634 gold pieces at shops.
You donated 403 gold pieces to Zin.

Inventory:

Hand Weapons
 A - a +1 arbalest (weapon)
Armour
 f - a scarf of repulsion (worn)
 i - the +3 pair of boots "Erytel" (worn) {rN++ Will++}
   (You bought it in a shop on level 2 of the Orcish Mines)

   rN:        It greatly protects you from negative energy.
   Will:      It greatly increases your willpower.
 k - a +1 pair of gloves (worn)
 v - a +0 cloak
 D - a +3 ring mail (worn)
 E - a +0 helmet (worn)
 H - a scarf of resistance
Jewellery
 d - a +6 ring of dexterity
 h - an amulet of regeneration (around neck)
 B - a ring of willpower (left hand)
 F - the ring "Boiz" (right hand) {rPois Will+ rCorr AC+4 Int+2}
   (You found it on level 3 of the Lair of Beasts)

   [ring of protection]

   AC:        It affects your AC (+4).
   Int:       It affects your intelligence (+2).
   rPois:     It protects you from poison.
   rCorr:     It protects you from acid and corrosion.
   Will:      It increases your willpower.
 I - a ring of see invisible
Wands
 a - a wand of mindburst (29)
 c - a wand of acid (1)
 r - a wand of flame (51)
 z - a wand of digging (13)
Scrolls
 b - 4 scrolls of immolation
 l - 4 scrolls of teleportation
 q - 3 scrolls of magic mapping
 t - a scroll of fear
 u - a scroll of fog
 w - 2 scrolls of poison
 y - 2 scrolls of blinking
 C - 4 scrolls of identify
Potions
 e - 3 potions of ambrosia
 g - 11 potions of curing
 j - 2 potions of resistance
 m - 7 potions of haste
 o - 3 potions of cancellation
 p - 4 potions of flight
 s - a potion of invisibility
 x - 3 potions of attraction
 G - 2 potions of mutation


   Skills:
 * Level 12.6 Fighting
 - Level 18.0 Ranged Weapons
 - Level 9.0 Armour
 * Level 9.7 Dodging
 - Level 1.1 Stealth
 - Level 9.5 Invocations


You had 14 spell levels left.
You didn't know any spells.
Your spell library contained the following spells:

 Spells                   Type           Power      Damage    Failure   Level
 Foxfire                  Conj/Fire      0%         2x1d4     50%         1
 Necrotise                Necr           0%         1d4       50%         1
 Summon Small Mammal      Summ           0%         N/A       50%         1
 Blink                    Tloc           0%         N/A       63%         2
 Ensorcelled Hibernation  Hex/Ice        0%         N/A       63%         2
 Lesser Beckoning         Tloc           0%         N/A       63%         2
 Momentum Strike          Conj/Tloc      0%         3d8       63%         2
 Call Canine Familiar     Summ           0%         N/A       86%         3
 Dazzling Flash           Conj/Hex       0%         N/A       86%         3
 Frozen Ramparts          Ice            0%         1d1       86%         3
 Inner Flame              Hex/Fire       0%         N/A       86%         3
 Portal Projectile        Hex/Tloc       0%         N/A       86%         3
 Spider Form              Tmut/Pois      0%         N/A       86%         3
 Summon Guardian Golem    Hex/Summ       0%         N/A       86%         3
 Tukima's Dance           Hex            0%         N/A       86%         3
 Vampiric Draining        Necr           0%         2d6       86%         3
 Anguish                  Hex/Necr       0%         N/A       99%         4
 Cause Fear               Hex            0%         N/A       99%         4
 Ice Form                 Ice/Tmut       0%         N/A       99%         4
 Leda's Liquefaction      Hex/Erth       0%         N/A       99%         4
 Passage of Golubria      Tloc           0%         N/A       99%         4
 Summon Ice Beast         Ice/Summ       0%         N/A       99%         4
 Agony                    Necr           0%         N/A       100%        5
 Fireball                 Conj/Fire      0%         3d3       100%        5
 Silence                  Hex/Air        0%         N/A       100%        5
 Summon Mana Viper        Hex/Summ       0%         N/A       100%        5
 Yara's Violent Unravell  Hex/Tmut       0%         3d3       100%        5
 Starburst                Conj/Fire      0%         6d3       100%        6
 Monstrous Menagerie      Summ           0%         N/A       100%        7
 Discord                  Hex            0%         N/A       100%        8


Dungeon Overview and Level Annotations

Branches:
Dungeon (13/15)            Temple (1/1) D:7            Lair (5/5) D:11
 Shoals (0/4) Lair:3        Snake (0/4) Lair:2        Slime (0/5) Lair:5
    Orc (2/2) D:9             Elf (0/3) Orc:2       Ossuary (visited)
  IceCv (visited)
 Vaults: D:13-14

Altars:
Ashenzari
Cheibriados
Dithmenos
Elyvilon
Fedhas
Gozag
Hepliaklqana
Kikubaaqudgha
Makhleb
Nemelex Xobeh
Okawaru
Qazlal
Ru
Sif Muna
Trog
Uskayaw
Vehumet
Wu Jian
Xom
Yredelemnul
Zin
The Shining One
Jiyva

Shops:
D:1 *   D:2 [   D:4 !   D:5 !   Orc:2 [[?*

Annotations:
Lair:4 3 runed translucent doors, Rafuutu's ghost, journeyman DDFi


Innate Abilities, Weirdness & Mutations

You are immune to sickness and miasma.
Your stone body is resilient. (AC +11)
You are immune to poison.
Your large and strong wings let you fly.
You resist negative energy. (rN+)
You are resistant to electric shocks. (rElec)
You are resistant to unholy torment.
You are immune to petrification.


Message History

The five-headed hydra bites you but does no damage.
The five-headed hydra barely misses you.
The five-headed hydra misses you.
The five-headed hydra closely misses you. x2
The five-headed hydra bites you but does no damage.
The five-headed hydra misses you.
The five-headed hydra bites you but does no damage.
The five-headed hydra closely misses you.
The five-headed hydra misses you.
You shoot a bolt. The bolt hits the five-headed hydra!!
The five-headed hydra is moderately wounded.
The five-headed hydra bites you but does no damage. x2
The five-headed hydra misses you.
The five-headed hydra bites you but does no damage. x2
You shoot a bolt. The bolt hits the five-headed hydra!!
The five-headed hydra is severely wounded.
The five-headed hydra bites you but does no damage.
The five-headed hydra bites you.
* * * LOW HITPOINT WARNING * * *
The five-headed hydra closely misses you.
The five-headed hydra bites you but does no damage. x2
You shoot a bolt. The bolt hits the five-headed hydra.
The five-headed hydra is severely wounded.
The five-headed hydra bites you.
* * * LOW HITPOINT WARNING * * *
The five-headed hydra completely misses you.
The five-headed hydra bites you.
* * * LOW HITPOINT WARNING * * *
The five-headed hydra completely misses you.
The five-headed hydra closely misses you.
You shoot a bolt. The bolt hits the five-headed hydra!!
The five-headed hydra is almost dead.
The five-headed hydra barely misses you.
The five-headed hydra bites you!
* * * LOW HITPOINT WARNING * * *
The five-headed hydra bites you! Zin protects you from harm!
The five-headed hydra bites you but does no damage.
The five-headed hydra bites you!
You die...

......# #......#
#'##### ##.##### #...#
#..## ###.# ##..##
###.### ##..#
......### #####'##
........#######......#
......#......[#†.†..[#
......#######.#.@....#
......# #.)†D....#
##.#### ###......#
##.## #..p...# ##..#
####..## ##..#
#####.## ....##
#....(.# ###..#
#####......# ####'##
##...'......#


You could see a five-headed hydra and a neutral human (wandering).

Vanquished Creatures
  Kirke (D:12)
  Donald (Orc:2)
  The ghost of Uboida the Thaumaturge, a journeyman DEEE of Vehumet (Lair:5)
  2 hydras
  A boulder beetle (D:12)
  2 two-headed ogres
  2 centaur warriors (D:12)
  4 orc high priests (Orc:2)
  A death yak (Lair:5)
  A shock serpent (shapeshifter) (D:9)
  A spectral death yak (Lair:5)
  A spectral hydra (Lair:5)
  A lindwurm (Lair:5)
  5 orc knights
  A spectral boulder beetle (Lair:5)
  3 orc sorcerers (Orc:2)
  3 ugly things
  5 cyclopes
  4 elephants (Lair:1)
  A manticore (D:11)
  6 black mambas
  Joseph (D:10)
  2 torpor snails
  A gargoyle (D:12)
  20 cane toads
  An unseen horror (D:12)
  Psyche (D:11)
  3 ice devils (IceCv)
  8 komodo dragons
  2 freezing wraiths
  2 rime drakes
  An anaconda simulacrum (IceCv)
  4 trolls
  6 hornets
  8 polar bears
  15 blink frogs
  3 dream sheep
  2 shadows (D:10)
  11 spriggans (Lair:5)
  Sigmund (D:3)
  3 hogs (D:12)
  2 water elementals (D:11)
  3 dire elephant simulacra (IceCv)
  2 spectral komodo dragons (Lair:5)
  30 yaks
  2 wraiths
  6 basilisks
  8 vampire mosquitoes
  5 wyverns
  4 death yak simulacra (IceCv)
  Edmund (D:5)
  A harpy simulacrum (IceCv)
  An acid dragon (D:11)
  18 water moccasins
  2 ice beasts
  28 orc warriors
  A black bear (Lair:5)
  A sky beast (D:6)
  9 ogres
  4 boggarts (Lair:5)
  3 phantoms
  19 wolves
  15 centaurs
  5 kobold brigands
  14 bullfrogs
  4 gnoll sergeants
  2 cane toad simulacra
  2 two-headed ogre simulacra (IceCv)
  2 scorpions
  3 elephant simulacra (IceCv)
  7 killer bees
  3 electric eels
  3 howler monkeys (D:10)
  A torpor snail simulacrum (Lair:5)
  Crazy Yiuf (D:6)
  3 hounds
  An iron imp (D:7)
  A jelly (D:3)
  15 orc priests
  2 gnoll boudas
  2 iguanas
  29 orc wizards
  2 troll simulacra (IceCv)
  2 polar bear simulacra (IceCv)
  2 wolf simulacra (IceCv)
  4 mummies (Ossuary)
  36 gnolls
  5 adders
  A shadow imp (D:5)
  A white imp (D:6)
  3 ufetubi
  A worm (D:2)
  A dart slug (D:3)
  66 orcs
  8 ball pythons
  4 bats
  6 endoplasms
  A giant cockroach (D:2)
  9 goblins
  8 hobgoblins
  A quokka (D:2)
  2 frilled lizards (D:2)
  2 goblin skeletons (D:7)
  A goblin zombie (D:5)
  10 hobgoblin zombies
  28 kobolds
  3 kobold zombies
  3 orc skeletons (D:7)
  2 orc zombies (D:7)
  3 rats
  A rat zombie (D:5)
623 creatures vanquished.

Vanquished Creatures (others)
  An orc (D:11)
  28 fungi
  43 plants
72 creatures vanquished.

Grand Total: 695 creatures vanquished

Notes
Turn   | Place    | Note
-------+----------+-------------------------------------------
     0 | D:1      | HoaS the Gargoyle Hunter began the quest for the Orb.
     0 | D:1      | Reached XP level 1. HP: 12/12 MP: 1/1
   113 | D:1      | Reached XP level 2. HP: 17/17 MP: 2/2
   188 | D:1      | Found Oneleatt's Assorted Antiques.
  1130 | D:2      | Found Zogaf's Antique Armour Shoppe.
  1144 | D:2      | Bought a pair of gloves for 81 gold pieces
  1175 | D:2      | Reached skill level 5 in Ranged Weapons
  1175 | D:2      | Reached XP level 3. HP: 21/21 MP: 3/3
  1476 | D:2      | Reached XP level 4. HP: 26/26 MP: 4/4
  1892 | D:3      | Found a large runed translucent door.
  1893 | D:3      | Found a large runed translucent door.
  1949 | D:3      | Noticed Sigmund
  1954 | D:3      | Killed Sigmund
  1955 | D:3      | Reached skill level 7 in Ranged Weapons
  1955 | D:3      | Reached XP level 5. HP: 30/30 MP: 5/5
  1955 | D:3      | Reached XP level 6. HP: 35/35 MP: 6/6
  2462 | D:3      | Found an iron altar of Okawaru.
  2465 | D:3      | Found a stormy altar of Qazlal.
  2513 | D:4      | Found Zudghainud's Distillery.
  2551 | D:4      | Bought a potion of curing for 39 gold pieces
  2551 | D:4      | Bought a potion of heal wounds for 65 gold pieces
  2551 | D:4      | Bought a potion of curing for 39 gold pieces
  2821 | D:4      | Found an ornate altar of the Wu Jian Council.
  2920 | D:4      | Found an ancient bone altar of Kikubaaqudgha.
  2923 | D:4      | Reached skill level 8 in Ranged Weapons
  3311 | D:4      | Reached XP level 7. HP: 40/40 MP: 7/7
  3726 | D:5      | Entered Level 5 of the Dungeon
  3808 | D:4      | Reached skill level 9 in Ranged Weapons
  3877 | D:5      | Noticed Edmund
  3894 | D:5      | Killed Edmund
  3919 | D:4      | Reached XP level 8. HP: 16/44 MP: 5/8
  3945 | D:5      | Found a sand-covered staircase.
  3957 | Ossuary  | Entered an ossuary
  3967 | Ossuary  | Reached skill level 10 in Ranged Weapons
  4277 | D:5      | Found Tyugrank's Distillery.
  4297 | D:5      | Bought a potion of curing for 39 gold pieces
  4310 | D:5      | You fall into a shaft and drop 3 floors!
  4588 | D:5      | Reached skill level 11 in Ranged Weapons
  4661 | D:6      | Reached XP level 9. HP: 45/48 MP: 9/9
  4766 | D:5      | Reached skill level 12 in Ranged Weapons
  4868 | D:6      | Found a runed translucent door.
  4869 | D:6      | Noticed Crazy Yiuf
  5189 | D:6      | Killed Crazy Yiuf
  5551 | D:7      | Found a shadowy altar of Dithmenos.
  5802 | D:7      | Reached skill level 13 in Ranged Weapons
  5986 | D:7      | Found a glowing golden altar of the Shining One.
  6420 | D:7      | Found a staircase to the Ecumenical Temple.
  6431 | Temple   | Entered the Ecumenical Temple
  7090 | D:8      | Found a hide-covered altar of Uskayaw.
  7327 | D:8      | Found a glowing silver altar of Zin.
  7397 | D:8      | Reached skill level 14 in Ranged Weapons
  7649 | D:9      | Noticed a freezing wraith
  7707 | D:9      | Reached XP level 10. HP: 39/53 MP: 10/10
  7735 | D:9      | a shapeshifter changed into a salamander
  7735 | D:9      | Noticed a salamander (shapeshifter)
  7943 | D:9      | Noticed a deep troll
  7944 | D:9      | Noticed a purple ugly thing
  8230 | D:9      | Reached skill level 15 in Ranged Weapons
  8231 | D:9      | Found a staircase to the Orcish Mines.
  8367 | D:9      | Found a transporter.
  8367 | D:9      | Found a transporter.
  8537 | D:9      | Noticed a manticore
  8565 | D:10     | Entered Level 10 of the Dungeon
  8692 | D:10     | Found a sacrificial altar of Ru.
  8818 | D:10     | Reached skill level 16 in Ranged Weapons
  9114 | D:8      | Became a worshipper of Zin the Law-Giver
  9114 | D:8      | Reached * piety under Zin
  9114 | D:8      | Reached ** piety under Zin
  9115 | D:8      | Donated 217 gold pieces to Zin
  9400 | D:10     | Reached skill level 1 in Invocations
  9416 | D:10     | Reached XP level 11. HP: 57/57 MP: 12/12
  9422 | D:10     | Noticed Joseph
  9441 | D:10     | Killed Joseph
  9883 | D:11     | Reached skill level 1 in Armour
  9930 | D:11     | Noticed a cyclops
  9940 | D:11     | Killed a cyclops
  9975 | D:11     | Noticed a manticore
  9978 | D:11     | Killed a manticore
  9994 | D:11     | Found a staircase to the Lair.
 10044 | D:11     | Noticed Psyche
 10070 | D:11     | Killed Psyche
 10110 | Lair:1   | Entered Level 1 of the Lair of Beasts
 10159 | Lair:1   | Reached skill level 17 in Ranged Weapons
 10268 | Lair:1   | Reached *** piety under Zin
 10338 | Lair:1   | Reached skill level 5 in Invocations
 10480 | Lair:1   | Reached skill level 18 in Ranged Weapons
 10491 | Lair:1   | Reached XP level 12. HP: 44/64 MP: 13/15
 11593 | Lair:2   | Found a staircase to the Snake Pit.
 11796 | Lair:3   | Identified the ring "Boiz" {rPois Will+ rCorr AC+4 Int+2}
 11880 | Lair:3   | Reached skill level 5 in Fighting
 11932 | Lair:3   | Found a staircase to the Shoals.
 11952 | Lair:3   | Reached **** piety under Zin
 12531 | Lair:3   | Reached ***** piety under Zin
 12763 | Lair:4   | Reached skill level 5 in Armour
 12763 | Lair:4   | Reached skill level 5 in Dodging
 12951 | Lair:4   | Reached XP level 13. HP: 69/76 MP: 18/18
 12999 | Lair:4   | Found a runed translucent gate.
 13000 | Lair:4   | Found a runed translucent gate.
 13000 | Lair:4   | Found a runed translucent gate.
 13000 | Lair:4   | Noticed an azure jelly
 13000 | Lair:4   | Noticed a quicksilver ooze
 13000 | Lair:4   | Noticed an azure jelly
 13000 | Lair:4   | Noticed an acid blob
 13000 | Lair:4   | Noticed an acid blob
 13014 | Lair:4   | Noticed an azure jelly
 13014 | Lair:4   | Noticed an azure jelly
 13014 | Lair:4   | Noticed Rafuutu's ghost (journeyman DDFi)
 13014 | Lair:4   | Noticed an acid blob
 13015 | Lair:4   | Noticed an acid blob
 13015 | Lair:4   | Noticed an azure jelly
 13736 | Lair:4   | Found a viscous altar of Jiyva.
 14113 | Lair:5   | Entered Level 5 of the Lair of Beasts
 14488 | Lair:5   | Identified the +1 leather armour of Piefuir {rN+ SInv}
 14688 | Lair:5   | Found a runed translucent gate.
 14689 | Lair:5   | Found a runed translucent gate.
 14690 | Lair:5   | Found a runed translucent gate.
 14787 | Lair:5   | Gained mutation: Your large and strong wings let you fly.
                  | [Gargoyle growth]
 14787 | Lair:5   | Reached XP level 14. HP: 43/87 MP: 20/20
 14827 | Lair:5   | Found a staircase to the Slime Pits.
 14908 | Lair:5   | Reached skill level 10 in Fighting
 14968 | Lair:5   | Noticed Uboida's ghost (journeyman DEEE)
 15452 | Lair:5   | Killed Uboida's ghost
 16399 | D:12     | Found a frozen archway.
 16426 | D:12     | Reached ****** piety under Zin
 16445 | IceCv    | Entered an ice cave
 17172 | IceCv    | Found an ancient bone altar of Kikubaaqudgha.
 17640 | Orc:1    | Entered Level 1 of the Orcish Mines
 18366 | Orc:2    | Entered Level 2 of the Orcish Mines
 18366 | Orc:2    | Found a staircase to the Elven Halls.
 18640 | Orc:2    | Noticed Donald
 18664 | Orc:2    | Killed Donald
 18970 | Orc:2    | Reached XP level 15. HP: 95/96 MP: 22/22
 19042 | Orc:2    | Found Toniw's General Store.
 19042 | Orc:2    | Found Dehupone's Magic Scroll Emporium.
 19044 | Orc:2    | Found Hies's Armour Shop.
 19044 | Orc:2    | Found Worunkod's Antique Armour Emporium.
 19055 | Orc:2    | Bought a scroll of teleportation for 48 gold pieces
 19055 | Orc:2    | Bought a scroll of teleportation for 48 gold pieces
 19057 | Orc:2    | Bought a pair of scorched boots for 275 gold pieces
 19057 | Orc:2    | Identified the +3 pair of boots "Erytel" {rN++ Will++} (You
                  | bought it in a shop on level 2 of the Orcish Mines)
 19474 | D:13     | Noticed Kirke
 19517 | D:12     | Killed Kirke
 19529 | D:12     | Zin protects you from harm!
 19529 | D:12     | Slain by a five-headed hydra

Illustrated notes

Levels and vault maps discovered:
D:1:      minmay_arrival_wavy_path, layout_basic, serial_shops, shop_coins,
          minmay_pentomino_x2
D:2:      layout_loops_cross, serial_shops, shop
D:3:      layout_basic, jmf_multi_god_temple2, serial_bayou,
          serial_bayou_pond_d, serial_bayou_pond_a, serial_bayou_pond_e,
          serial_bayou_crossing, serial_bayou_shore_a, serial_bayou_pond_b,
          uniq_sigmund
D:4:      minmay_razor_zed, layout_basic, lemuel_coloured_pillars_altar,
          nzn_wu_jian_council_hall, serial_shops, shop
D:5:      layout_gridville, serial_shops, nicolae_shop_statue_plus,
          enter_ossuary_3, st_stairs_6, sigmund_army, uniq_edmund
D:6:      layout_gridville, uniq_crazy_yiuf_cottage
D:7:      layout_basic, nicolae_tso_besieged_by_evil,
          mainiacjoe_overflow_concentric_impassable,
          minmay_temple_entry_poolview, roderic_lattice_a, minmay_microvault
D:8:      layout_basic, mainiacjoe_overflow_brackets,
          mainiacjoe_overflow_alcove_4
D:9:      gammafunk_the_bubble [the_bubble_gammafunk_split], layout_basic,
          david_orc_3
D:10:     layout_loops_ring, nicolae_ru_awakened_eye, uniq_joseph
D:11:     layout_cross, lair_entry_dummy, serial_bayou, serial_bayou_lake_a,
          serial_bayou_shore_b, serial_bayou_pond_b, serial_bayou_lagoon_a,
          minmay_misc_feat_secret_circle, uniq_psyche
D:12:     layout_roguey, portal_ice_cave_entry_pillars_2
D:13:     layout_cave_pools, david_vaults_3, st_stairs_2, uniq_jorgrun,
          uniq_kirke, uniq_azrael
Temple:   hellmonk_temple_forest_ring
Lair:1:   layout_chaotic_city, lemuel_fruit_tree, grunt_megastairs_4
Lair:2:   layout_cave_pods, dummy_snake_entry, grunt_megastairs_5
Lair:3:   layout_gridlike, elwin_shoals_entry_rocks
Lair:4:   layout_cave_pods, gammafunk_ghost_ooze, serial_bayou_shore_b
Lair:5:   minmay_lair_end_enchanted_forest, layout_regular_city, slime_entry_1,
          gammafunk_ghost_necromancy
Orc:1:    layout_caves
Orc:2:    grunt_orc_tribal_feast, layout_caves, uniq_donald

Skill      XL: |  1  2  3  4  5  6  7  8  9 10 11 12 13 14 15 |
---------------+----------------------------------------------+-----
Ranged Weapons | 5 7 8 9 11 14 16 18 | 18.0
Invocations    | 1 5 6 8 9 |  9.5
Armour         | 2 5 7 8 9 |  9.0
Dodging        | 5 7 9 |  9.7
Fighting       | 7 9 12 | 12.6
Stealth        | |  1.1

Action                     |  1- 3 |  4- 6 |  7- 9 | 10-12 | 13-15 || total
---------------------------+-------+-------+-------+-------+-------++-------
  Melee: Unarmed           |       |     3 |       |    28 |       ||    31
         Punch             |       |       |       |     1 |       ||     1
   Fire: Shortbow          |    84 |   133 |   566 |   156 |       ||   939
         Arbalest          |       |       |       |   535 |  1106 ||  1641
 Invoke: Donate Gold       |       |       |       |     1 |       ||     1
         Vitalisation      |       |       |       |     1 |       ||     1
  Evoke: Wand              |       |       |       |     3 |     1 ||     4
    Use: Scroll            |     7 |     4 |     8 |     9 |     2 ||    30
         Potion            |       |     1 |     2 |     4 |     8 ||    15
 Armour: Leather armour    |    16 |    18 |   260 |    63 |       ||   357
         Skin              |       |     1 |       |    10 |       ||    11
         Ring mail         |       |       |       |   159 |   591 ||   750
  Dodge: Dodged            |    29 |    39 |   294 |   250 |   846 ||  1458
         Repelled          |       |       |       |       |     8 ||     8

Table legend: (Time is in decaauts)
 A = Elapsed time spent in this place.
 B = Non-inter-level travel time spent in this place.
 C = Inter-level travel time spent in this place.
 D = Time resting spent in this place.
 E = Time spent auto-exploring this place.
 F = Levels seen in this place.
 G = Mean time per level.
                   A        B        C        D        E       F      G
               +--------+--------+--------+--------+--------+-----+--------+
         Total |  19754 |  18341 |   1413 |   2391 |  11406 |  23 |  858.9 |
       Dungeon |  11793 |  10740 |   1053 |   1383 |   6837 |  13 |  907.2 |
        Temple |    160 |    142 |     18 |      0 |    133 |   1 |  160.0 |
          Lair |   5296 |   5035 |    261 |    252 |   3516 |   5 | 1059.2 |
  Orcish Mines |   1446 |   1366 |     80 |    114 |    769 |   2 |  723.0 |
       Ossuary |    227 |    227 |      0 |    122 |     42 |   1 |  227.0 |
      Ice Cave |    830 |    830 |      0 |    519 |    108 |   1 |  830.0 |
               +--------+--------+--------+--------+--------+-----+--------+

Top non-repeatable levels by time:
     D:9: 1677 daAuts
  Lair:5: 1476 daAuts
     D:4: 1301 daAuts
     D:8: 1185 daAuts
     D:7: 1151 daAuts
  Lair:4: 1106 daAuts
     D:1: 1024 daAuts
  Lair:3: 981 daAuts
   Orc:2: 975 daAuts
    D:10: 972 daAuts
    D:11: 930 daAuts
  Lair:2: 871 daAuts
  Lair:1: 860 daAuts
   IceCv: 830 daAuts
     D:2: 802 daAuts
